Map: Sequencer LE

Players

Ziggy - Winner!

  • Race: Terran Terran
  • Spawn Location: 1:00

Semper

  • Race: Terran Terran
  • Spawn Location: 7:00

Event: WCS Jonkoping 2017

VOD

Have the link to the VOD?

Description

Time

  • Played on: June 17, 2017, 1:34 p.m.
  • Length: 13:51

All games in this series

Show
View Real Time Build Order
Export as new Build Order

Ziggy Terran - Winner!

Build Orders: Mech 

Get SALT Encoding   

  12  0:00  SCV  
  13  0:15  SCV  
  13  0:20  Supply Depot  
  14  0:34  Refinery  
  14  0:43  Barracks  
  14  0:56  Barracks  
  14  1:01  SCV  
  15  1:13  SCV  
  15  1:16  Refinery  
  16  1:25  SCV  
  17  1:31  Reaper  
  18  1:37  SCV  
  19  1:42  Reaper  
  20  1:51  Orbital Command  
  20  2:03  Reaper  
  21  2:13  Factory  
  21  2:18  Reaper  
  22  2:28  Supply Depot  
  22  2:36  Reaper  
  23  2:50  SCV, Reaper  
  25  2:58  Starport  
  25  3:02  SCV  
  25  3:05  Supply Depot  
  26  3:14  SCV  
  27  3:26  SCV  
  28  3:28  Cyclone  
  31  3:35  Starport Tech Lab  
  31  3:38  SCV  
  32  3:50  SCV  
  33  3:55  Command Center  
  33  3:57  Raven  
  35  4:03  SCV  
  36  4:15  Cyclone  
  36  4:16  Supply Depot  
  39  4:38  SCV  
  40  4:42  Supply Depot  
  40  4:50  SCV  
  40  4:53  Raven  
  40  4:55  Hellion  
  43  5:01  Command Center  
  43  5:03  Barracks Reactor  
  43  5:08  SCV  
  44  5:17  Orbital Command  
  44  5:18  Cyclone  
  47  5:30  Supply Depot  
  47  5:34  Orbital Command  
  47  5:35  SCV  
  48  5:40  Refinery  
  48  5:42  Refinery  
  48  5:47  SCV  
  45  5:59  SCV  
  45  6:01  Raven  
  45  6:03  SCV  
  49  6:08  Hellion x2  
  52  6:15  Orbital Command  
  52  6:16  SCV  
  53  6:25  SCV  
  53  6:31  Hellion x2  
  57  6:33  SCV, Orbital Command  
  58  6:43  SCV  
  58  6:45  SCV  
  60  6:49  Factory  
  60  6:50  Factory  
  60  7:04  SCV  
  60  7:14  SCV  
  61  7:18  Siege Tank, Viking x2  
  61  7:20  SCV x2  
  70  7:23  Engineering Bay  
  70  7:26  SCV  
  70  7:32  SCV x2  
  70  7:37  Factory Reactor, Factory Tech Lab  
  70  7:38  SCV  
  71  7:44  SCV x2  
  71  7:45  Supply Depot  
  71  7:50  Siege Tank, Viking  
  78  7:52  Viking  
  78  7:55  SCV  
  78  7:57  SCV  
  82  8:06  Siege Tank  
  82  8:10  SCV, Armory  
  82  8:11  SCV  
  85  8:16  SCV  
  85  8:18  Refinery  
  85  8:19  Hellion x2  
  90  8:22  Siege Tank, SCV  
  90  8:24  Viking  
  90  8:25  Viking  
  98  8:28  SCV x2  
  98  8:33  Infernal Pre-Igniter  
  101  8:34  SCV  
  101  8:37  Supply Depot  
  101  8:38  Supply Depot  
  101  8:42  Supply Depot  
  101  8:51  Factory  
  101  8:53  Factory  
  101  8:55  Supply Depot  
  101  8:59  SCV x3, Viking x2  
  108  9:03  Terran Vehicle Weapons Level 1  
  108  9:07  Hellion  
  108  9:09  Hellion  
  112  9:11  SCV  
  112  9:13  Siege Tank  
  116  9:29  Hellion, Viking x2  
  116  9:31  Hellion  
  124  9:38  SCV x2, Command Center  
  125  9:41  SCV  
  127  9:48  Factory Reactor, Factory Tech Lab  
  127  9:50  SCV x2  
  129  9:55  Missile Turret x2  
  129  9:56  Sensor Tower  
  129  9:57  Supply Depot  
  129  10:00  Missile Turret x2  
  129  10:06  Siege Tank  
  128  10:11  Liberator x2  
  128  10:16  Siege Tank  
  128  10:17  Siege Tank  
  132  10:43  Siege Tank  
  132  10:48  Siege Tank, Hellion x4  
  140  10:50  Supply Depot  
  137  11:02  Siege Tank  
  140  11:09  Hellion  
  140  11:10  Hellion  
  144  11:16  Refinery  
  144  11:19  Siege Tank  
  144  11:20  Siege Tank, Refinery  
  144  11:21  Liberator  
  144  11:23  Planetary Fortress  
  152  11:25  Hellion  
  152  11:29  Missile Turret  
  152  11:32  Missile Turret x2  
  152  11:34  Liberator  
  143  11:52  Siege Tank, Hellion  
  143  11:53  Hellion x3  
  153  12:04  Liberator  
  153  12:10  Sensor Tower  
  151  12:19  Hellion x3  
  151  12:20  Hellion  
  162  12:22  Liberator  
  162  12:25  Siege Tank  
  163  12:31  Siege Tank  
  169  12:48  Siege Tank  
  172  12:54  Hellion x4, Supply Depot  
  172  12:56  Supply Depot  
  172  12:57  Siege Tank  
  178  13:10  Siege Tank  
  181  13:18  Viking  
  177  13:24  Starport  
  177  13:25  Starport  
Show
View Real Time Build Order
Export as new Build Order

Semper Terran 

Build Orders: Cyclone Opening, Reaper Expand 

Get SALT Encoding   

  12  0:00  SCV  
  13  0:13  SCV  
  14  0:17  Supply Depot  
  14  0:25  SCV  
  14  0:27  Refinery  
  15  0:39  SCV  
  16  0:45  Barracks  
  16  0:51  SCV  
  17  1:03  SCV  
  18  1:15  SCV  
  19  1:32  Orbital Command  
  19  1:33  Reaper  
  20  1:49  Command Center  
  20  1:59  Factory  
  20  2:01  SCV  
  21  2:05  Supply Depot  
  21  2:06  Reaper  
  22  2:10  Refinery  
  22  2:13  SCV  
  23  2:26  SCV  
  21  2:39  SCV  
  21  2:42  Cyclone  
  24  2:46  Marine  
  24  2:51  SCV  
  25  3:03  SCV  
  26  3:06  Marine  
  27  3:15  SCV, Cyclone, Supply Depot  
  31  3:31  Barracks Reactor  
  31  3:37  SCV  
  30  3:49  SCV  
  30  3:54  Command Center  
  30  4:05  SCV  
  30  4:07  Hellion  
  30  4:09  Starport  
  33  4:17  Supply Depot  
  33  4:22  Marine x2  
  33  4:28  SCV  
  29  4:40  SCV, Factory Tech Lab  
  30  4:52  SCV  
  27  4:58  Marine x2  
  29  5:00  Siege Tank  
  29  5:04  SCV  
  31  5:16  SCV  
  31  5:18  Marine x2  
  33  5:23  Orbital Command  
  33  5:29  SCV  
  33  5:33  Starport Tech Lab  
  34  5:43  SCV  
  34  5:47  Orbital Command  
  35  5:50  Marine  
  35  5:58  Raven  
  35  5:59  Siege Tank  
  35  6:00  SCV  
  40  6:12  SCV  
  40  6:14  SCV  
  40  6:15  Marine  
  43  6:24  SCV  
  44  6:26  SCV  
  44  6:31  Siege Tank  
  48  6:37  SCV  
  48  6:45  SCV  
  49  6:49  SCV, Command Center  
  50  6:56  Viking x2  
  50  6:58  SCV  
  55  7:02  SCV  
  55  7:05  Supply Depot  
  54  7:10  SCV  
  54  7:14  SCV  
  52  7:22  SCV  
  51  7:28  SCV  
  50  7:31  Viking x2  
  50  7:34  SCV  
  55  7:39  Refinery  
  55  7:40  SCV, Refinery  
  56  7:46  SCV  
  56  7:49  Siege Tank  
  58  7:52  SCV  
  60  7:58  SCV  
  60  8:02  Stimpack  
  60  8:04  SCV  
  61  8:10  SCV  
  61  8:11  Orbital Command  
  62  8:14  Marine  
  62  8:16  SCV  
  64  8:22  SCV  
  64  8:25  Siege Tank  
  68  8:28  SCV  
  68  8:32  Barracks  
  69  8:34  SCV, Barracks  
  69  8:39  Supply Depot  
  69  8:40  SCV x2, Starport Reactor  
  72  8:45  Marauder  
  72  8:46  SCV  
  75  8:53  SCV  
  76  8:57  Siege Tank  
  76  9:01  SCV  
  80  9:03  Orbital Command  
  80  9:08  Marauder  
  83  9:10  SCV  
  83  9:11  Barracks  
  83  9:12  Barracks  
  83  9:16  SCV, Supply Depot  
  84  9:22  SCV  
  85  9:31  SCV  
  85  9:32  SCV  
  85  9:34  SCV, Marine  
  85  9:35  Marauder, Barracks Tech Lab  
  85  9:36  Medivac  
  85  9:37  Medivac  
  95  9:44  SCV x2, Supply Depot x2  
  96  9:48  Siege Tank  
  96  9:49  SCV  
  96  9:50  Marine  
  101  9:54  Engineering Bay  
  101  9:55  Engineering Bay, Combat Shields  
  101  10:02  Marine  
  101  10:03  Marauder  
  101  10:05  Marine x2, SCV x2  
  101  10:06  Marine  
  106  10:08  Marine  
  106  10:12  SCV  
  107  10:20  Marine  
  108  10:23  Marine x3  
  108  10:24  Marauder  
  108  10:25  SCV x2  
  116  10:38  Siege Tank  
  108  10:44  SCV, Medivac x2  
  108  10:45  SCV  
  108  10:46  Marine x2  
  108  10:47  Marauder  
  108  10:49  Marine  
  107  10:50  Marauder  
  107  10:54  Marine  
  106  10:57  Supply Depot x2  
  106  10:58  Supply Depot  
  106  10:59  SCV  
  106  11:03  SCV  
  106  11:04  Marine x2  
  106  11:07  Marine  
  106  11:08  Marauder  
  106  11:10  Siege Tank  
  114  11:11  Marine  
  114  11:12  Marine  
  114  11:16  Medivac x2  
  114  11:20  SCV  
  114  11:21  SCV, Supply Depot  
  114  11:22  Marine x2, Refinery, Supply Depot  
  114  11:25  Marine  
  118  11:26  SCV  
  118  11:29  Marine x2  
  118  11:31  Marine  
  122  11:39  Marine  
  122  11:40  Marine  
  122  11:42  Siege Tank  
  102  11:48  SCV  
  102  11:50  Marine x3  
  102  11:51  Medivac  
  102  11:53  SCV x2, Marine  
  101  11:57  Marine  
  101  11:58  Marine  
  103  12:06  Command Center  
  103  12:08  Marine x3  
  104  12:11  Marine  
  104  12:15  Marine x2  
  101  12:20  Siege Tank  
  106  12:25  Viking x2  
  106  12:26  Marine x2  
  106  12:27  Marauder, SCV  
  116  12:33  Marine  
  116  12:35  Marauder  
  118  12:44  Supply Depot  
  118  12:45  Refinery  
  118  12:50  Marine  
  119  12:52  Siege Tank  
  119  12:56  Viking x2  
  119  12:57  Marine x2  
  111  13:11  Marine  
  111  13:12  Marauder  
  114  13:14  Marine  
  114  13:15  Marine  
  118  13:20  Marine  
  118  13:24  SCV  
  120  13:29  Marine  
  120  13:30  Barracks Tech Lab  
Tags
 
Add a new tag
Caveats
  • Supply blocks, unpowered buildings, or Contaminate may cause inaccurate times.
  • Supply counts are checked every 10 seconds.